Map: 锈化山巅-天梯版

Players

iGXY (XY) - Winner!

  • Race: Terran Terran

CoffeeMs (Coffee)

  • Race: Terran Terran
  • League: Master

Event: DreamHack SC2 Masters 2021 Fall

VOD

Have the link to the VOD?

Description

Time

  • Played on: Aug. 5, 2021, 7:09 a.m.
  • Length: 6:04

All games in this series

Show
View Real Time Build Order
Export as new Build Order

iGXY Terran - Winner!

Build Orders:  

Get SALT Encoding   

  12  0:00  SCV  
  13  0:12  SCV  
  14  0:17  Supply Depot  
  14  0:24  SCV  
  15  0:39  SCV, Barracks  
  16  0:43  Refinery  
  16  0:51  SCV  
  16  0:54  Refinery  
  17  1:03  SCV  
  18  1:15  SCV  
  19  1:26  Reaper  
  19  1:27  Orbital Command  
  19  1:29  Supply Depot  
  20  1:40  Factory  
  20  1:52  SCV  
  21  1:58  Reaper  
  22  2:05  SCV  
  23  2:17  SCV  
  23  2:18  Command Center  
  24  2:24  Hellion  
  24  2:29  SCV  
  27  2:30  Barracks Reactor  
  27  2:36  Supply Depot  
  27  2:41  SCV  
  28  2:45  Starport  
  28  2:48  Factory Tech Lab  
  28  2:53  SCV  
  29  3:05  SCV  
  30  3:06  Marine x2  
  30  3:08  Siege Tank  
  35  3:17  SCV  
  36  3:24  Medivac  
  36  3:26  Refinery  
  38  3:27  Marine  
  38  3:30  Marine  
  38  3:33  Orbital Command  
  40  3:37  SCV  
  40  3:45  Marine  
  40  3:48  Marine  
  38  3:51  SCV  
  38  3:55  Siege Tank  
  42  3:59  SCV  
  42  4:02  Supply Depot  
  42  4:19  Viking x2  
  42  4:21  SCV x2  
  48  4:24  Supply Depot  
  48  4:25  Marine  
  49  4:33  SCV  
  49  4:37  SCV  
  51  4:47  SCV  
  51  4:49  Viking x2  
  53  4:59  Siege Tank  
  56  5:03  Marine  
  55  5:09  SCV x2  
  57  5:21  Marine, SCV  
  59  5:31  Viking, Siege Tank  
  59  5:32  Viking  
  59  5:33  SCV  
  59  5:35  SCV  
  66  5:39  Marine  
  67  5:45  SCV  
  67  5:48  SCV  
Show
View Real Time Build Order
Export as new Build Order

CoffeeMs Terran 

Build Orders:  

Get SALT Encoding   

  12  0:00  SCV  
  13  0:12  SCV  
  14  0:16  Supply Depot  
  14  0:24  SCV  
  15  0:38  SCV  
  15  0:39  Barracks  
  16  0:42  Refinery  
  16  0:50  SCV  
  16  0:53  Refinery  
  17  1:02  SCV  
  18  1:14  SCV  
  19  1:27  Reaper, Orbital Command  
  19  1:29  Supply Depot  
  20  1:43  Factory  
  20  1:53  SCV  
  21  1:59  Barracks Reactor  
  21  2:05  SCV  
  22  2:17  SCV  
  22  2:21  Command Center  
  23  2:28  Hellion  
  25  2:31  SCV  
  25  2:36  Reaper x2  
  28  2:43  Starport  
  28  2:51  Supply Depot  
  28  2:54  Hellion  
  31  2:58  SCV  
  31  3:12  Reaper x2, SCV  
  34  3:16  Hellion  
  36  3:21  Starport Tech Lab  
  36  3:24  SCV  
  37  3:30  Refinery  
  37  3:34  Orbital Command  
  37  3:36  SCV  
  38  3:45  Factory Tech Lab  
  35  3:49  Raven  
  35  3:51  Marine x2  
  35  3:53  SCV  
  36  4:00  SCV  
  37  4:05  SCV, Cyclone  
  41  4:10  Marine x2  
  41  4:14  SCV  
  42  4:22  SCV  
  43  4:25  Starport  
  43  4:26  SCV  
  44  4:34  SCV  
  44  4:37  Siege Tank  
  48  4:38  SCV  
  49  4:49  SCV  
  49  4:50  Viking  
  49  4:52  Viking  
  53  4:54  Supply Depot, SCV  
  53  4:56  Supply Depot  
  51  5:01  SCV  
  47  5:08  SCV  
  47  5:09  Siege Tank  
  47  5:13  SCV  
  40  5:21  Orbital Command  
  40  5:26  Viking  
  40  5:27  Viking  
  42  5:34  SCV  
  40  5:46  SCV  

Tags
 
Add a new tag
Caveats
  • Supply blocks, unpowered buildings, or Contaminate may cause inaccurate times.
  • Supply counts are checked every 10 seconds.